 Dungeon Crawl Stone Soup version 0.27-a0-1591-gc56fcc985a (webtiles) character file.

Game seed: 14230499209582795503

4137 Anon1729 the Carver (level 10, -4/86 HPs)
             Began as a Minotaur Monk on July 19, 2021.
             Was a High Priest of Dithmenos.
             Shot with a bolt by a kobold (9 damage)
             ... on level 8 of the Dungeon.
             The game lasted 00:07:39 (7261 turns).

Anon1729 the Carver (Minotaur Monk)                 Turns: 7261, Time: 00:07:39

Health: -4/86      AC:  8    Str: 20    XL:     10   Next: 7%
Magic:  14/14      EV: 15    Int:  7    God:    Dithmenos [*****.]
Gold:   378        SH:  0    Dex: 15    Spells: 9/9 levels left

rFire    + . .     SeeInvis .   y - +2 long sword (freeze)
rCold    + . .     Faith    +   (no shield)
rNeg     + . .     Spirit   .   G - +0 robe {rC+ rF+}
rPois    .         Reflect  .   (helmet restricted)
rElec    .         Harm     .   C - +1 cloak
rCorr    +         Rampage  .   j - +2 pair of gloves {Dex+3}
Will     .....                  (no boots)
Stlth    +++++.....             p - amulet of faith
HPRegen  0.24/turn              v - ring of positive energy
MPRegen  0.14/turn              F - ring of resist corrosion

@: wreathed by umbra
A: horns 2, retaliatory headbutt
a: Renounce Religion, Shadow Step, Shadow Form


You were on level 8 of the Dungeon.
You worshipped Dithmenos.
Dithmenos was extremely pleased with you.
You visited 1 branch of the dungeon, and saw 9 of its levels.
You also visited: Sewer.

You collected 378 gold pieces.

Inventory:

Hand Weapons
 a - a +0 falchion
 y - a +2 long sword of freezing (weapon)
Missiles
 r - a throwing net (quivered)
 s - a curare-tipped dart
 w - 5 atropa-tipped darts
Armour
 b - a +0 robe
 j - a +2 pair of gloves of dexterity (worn)
 C - a +1 cloak (worn)
 G - a +0 robe of resistance (worn)
Jewellery
 n - a ring of ice
 p - an amulet of faith (around neck)
 v - a ring of positive energy (left hand)
 F - a ring of resist corrosion (right hand)
 I - a ring of ice
Wands
 B - a wand of paralysis (6)
Scrolls
 c - 2 scrolls of vulnerability {unknown}
 e - 5 scrolls of teleportation {unknown}
 f - a scroll of torment {unknown}
 g - 2 scrolls of enchant armour {unknown}
 h - a scroll of fear {unknown}
 i - 5 scrolls of identify {unknown}
 l - a scroll of blinking {unknown}
 m - 2 scrolls of fog {unknown}
 o - a scroll of noise {unknown}
 q - 3 scrolls of amnesia {unknown}
 D - a scroll of brand weapon {unknown}
 J - a scroll of summoning {unknown}
Potions
 d - 5 potions of curing
 k - a potion of attraction {unknown}
 t - 2 potions of flight
 u - a potion of cancellation {unknown}
 x - a potion of degeneration {unknown}
 z - a potion of mutation {unknown}
 A - a potion of might {unknown}
 E - a potion of lignification {unknown}
 H - a potion of magic {unknown}


   Skills:
 + Level 7.4 Fighting
 * Level 9.5 Long Blades
 + Level 5.5 Armour
 + Level 6.7 Dodging
 + Level 5.1 Stealth
 * Level 6.8 Invocations


You had 9 spell levels left.
You didn't know any spells.
Your spell library was empty.

Dungeon Overview and Level Annotations

Branches:
Dungeon (9/15)             Temple (0/1) D:5            Lair (0/6) D:8
  Sewer (visited)
    Orc: D:9-12

Altars:
Cheibriados
Dithmenos
Hepliaklqana
Kikubaaqudgha
Nemelex Xobeh

Shops:
D:5 [

Annotations:
D:7 2 transporters
D:9 1 transporter, exclusion: troll, Maggie


Innate Abilities, Weirdness & Mutations

You have a pair of horns on your head.
You reflexively headbutt those who attack you in melee.


Message History

The ufetubus disappears in a puff of smoke!
The kobold closely misses you.
You hit the kobold. You freeze the kobold.
You kill the kobold!
Dithmenos accepts your kill. The kobold hits you with a +0 whip.
A kobold comes into view. It is wielding a +0 club.
You slash the kobold! You freeze the kobold.
You kill the kobold!
Dithmenos accepts your kill.
A kobold skeleton comes into view.
You barely miss the gnoll sergeant.
Your headbutt misses the gnoll sergeant.
Your shadow hits the gnoll sergeant with a long sword!
A shadow imp comes into view.
The gnoll sergeant hits you with a +2 trident of venom!
You are poisoned.
You are too injured to fight recklessly!
You are too injured to fight recklessly!
You are too injured to fight recklessly!
You are too injured to fight recklessly!
You feel very sick.
The gnoll sergeant hits you from afar with a +2 trident of venom.
* * * LOW HITPOINT WARNING * * *
You feel very sick.
The gnoll sergeant throws a stone.
The stone barely misses you.
You feel very sick.
You feel sick.
You feel sick.
The gnoll sergeant throws a stone.
The stone hits you.
* * * LOW HITPOINT WARNING * * *
You feel sick.
You feel sick.
You feel sick.
You feel sick.
You feel sick.
You feel sick.
You are no longer poisoned.
The kobold shoots a bolt.
The bolt misses you.
The kobold shoots a bolt.
The bolt hits you!
You die...

####....[....####
#.......)...#...≈
#.##..#.##....#..
#.##.[#......##PP
#########.##.......#...P.
#>......#.###.#<#..#≈.PP>
######.#####.#.###.#.##.#...PP
...........................##..
#######.##....@.##..........#..
#.##.#..#.##.#...#..#...≈
#.##.#K...##.##.##...#### #.
#.......#.##.#####...# #.
####.#..#.##.# #...#
#.########.#.......# #...#
.##.#.....##.K.....#######...###.
..........##.......#.............
#.......g..#.#................


You could see 2 kobolds.

Vanquished Creatures
  A two-headed ogre (D:9)
  3 kobold demonologists
  A hornet (D:9)
  A steam dragon (D:9)
  3 water moccasins
  Duvessa (D:5)
  An orc warrior (D:9)
  A sky beast (D:6)
  2 black bears
  An ice beast (D:7)
  2 ogres (D:5)
  A centaur (D:9)
  5 kobold brigands
  3 bullfrogs
  Dowan (D:5)
  2 scorpions
  A wyvern skeleton (D:6)
  3 wights (D:8)
  Crazy Yiuf (D:5)
  An orc priest (D:5)
  A bullfrog skeleton (D:5)
  2 hounds (D:5)
  An orc wizard (D:9)
  An iguana (D:5)
  Ijyb (D:5)
  A hound skeleton (D:4)
  Robin (D:4)
  4 gnolls
  5 adders
  A river rat (Sewer)
  A shadow imp (D:5)
  2 adder skeletons (D:4)
  A worm (D:4)
  2 dart slugs
  10 orcs
  4 ball pythons
  4 bats
  4 endoplasms
  4 giant cockroaches
  15 goblins
  5 hobgoblins
  6 jackals
  36 kobolds
  A quokka (D:3)
  5 frilled lizards
  2 kobold skeletons (D:8)
  7 rats
162 creatures vanquished.

Vanquished Creatures (others)
  A kobold (D:9)
1 creature vanquished.

Grand Total: 163 creatures vanquished

Notes
Turn   | Place    | Note
-------+----------+-------------------------------------------
     0 | D:1      | Anon1729 the Minotaur Monk began the quest for the Orb.
     0 | D:1      | Reached XP level 1. HP: 19/19 MP: 0/0
    22 | D:1      | Reached XP level 2. HP: 24/27 MP: 1/1
   105 | D:1      | Found a faded altar of an unknown god.
   152 | D:1      | Became a worshipper of Dithmenos the Shadowed
   152 | D:1      | Reached * piety under Dithmenos
   152 | D:1      | Reached ** piety under Dithmenos
   356 | D:1      | Reached skill level 4 in Long Blades
   450 | D:1      | Reached *** piety under Dithmenos
   561 | D:1      | Reached XP level 3. HP: 31/33 MP: 2/2
  1729 | D:3      | Reached XP level 4. HP: 41/41 MP: 3/3
  1850 | D:3      | Found an ancient bone altar of Kikubaaqudgha.
  2099 | D:3      | Noticed a scorpion
  2106 | D:3      | Killed a scorpion
  2107 | D:3      | Reached XP level 5. HP: 40/47 MP: 4/4
  2508 | D:4      | Reached skill level 5 in Long Blades
  2508 | D:4      | Reached skill level 1 in Armour
  2508 | D:4      | Reached skill level 1 in Invocations
  2510 | D:4      | Reached XP level 6. HP: 55/55 MP: 4/6
  2562 | D:4      | Found a glowing drain.
  2570 | D:4      | Reached **** piety under Dithmenos
  2576 | Sewer    | Entered a sewer
  2641 | Sewer    | Reached skill level 5 in Fighting
  2812 | Sewer    | Found a white marble altar of Elyvilon.
  2884 | D:4      | Noticed Robin
  2903 | D:4      | Killed Robin
  3410 | D:4      | Found a snail-covered altar of Cheibriados.
  3522 | D:5      | Entered Level 5 of the Dungeon
  3528 | D:5      | Found Qamyx's Armour Shoppe.
  3555 | D:5      | Noticed a water moccasin
  3569 | D:5      | Killed a water moccasin
  3570 | D:5      | Reached XP level 7. HP: 30/61 MP: 7/7
  3835 | D:5      | Noticed Duvessa
  3838 | D:5      | Noticed Dowan
  4265 | D:5      | Killed Duvessa
  4266 | D:5      | Reached skill level 6 in Long Blades
  4336 | D:5      | Killed Dowan
  4378 | D:5      | Found a staircase to the Ecumenical Temple.
  4384 | D:5      | Reached skill level 5 in Dodging
  4575 | D:5      | Found a runed translucent door.
  4576 | D:5      | Noticed Crazy Yiuf
  4619 | D:5      | Found a shadowy altar of Dithmenos.
  4619 | D:5      | Noticed a shadow
  4621 | D:5      | Found a hazy altar of Hepliaklqana.
  4919 | D:5      | Noticed Ijyb
  4926 | D:5      | Paralysed by Ijyb for 4 turns
  4931 | D:5      | Paralysed by Ijyb for 3 turns
  4934 | D:5      | Killed Ijyb
  5103 | D:5      | Reached XP level 8. HP: 53/70 MP: 9/9
  5322 | D:5      | Killed Crazy Yiuf
  5438 | D:6      | Reached skill level 7 in Long Blades
  5673 | D:6      | You fall into a shaft and drop 2 floors!
  5739 | D:7      | Found a transporter.
  5776 | D:7      | Found a transporter.
  5819 | D:7      | Reached skill level 5 in Invocations
  5878 | D:7      | You fall into a shaft and drop 2 floors!
  5878 | D:9      | Noticed a kobold demonologist
  5962 | D:9      | Noticed a kobold demonologist
  5966 | D:9      | Noticed a hellwing
  6186 | D:9      | Noticed a sixfirhy
  6190 | D:9      | Killed a kobold demonologist
  6191 | D:9      | Reached skill level 8 in Long Blades
  6191 | D:9      | Reached XP level 9. HP: 74/78 MP: 11/11
  6191 | D:9      | Noticed an orange demon
  6196 | D:9      | Noticed a rust devil
  6300 | D:9      | Killed a kobold demonologist
  6302 | D:9      | Reached ***** piety under Dithmenos
  6573 | D:9      | Found a sparkling altar of Nemelex Xobeh.
  6573 | D:9      | Found a transporter.
  6573 | D:9      | Noticed a komodo dragon
  6774 | D:9      | Reached skill level 5 in Armour
  6961 | D:9      | Noticed a two-headed ogre
  6970 | D:9      | Killed a two-headed ogre
  6971 | D:9      | Reached skill level 9 in Long Blades
  6971 | D:9      | Reached skill level 5 in Stealth
  7012 | D:9      | Noticed a troll
  7013 | D:9      | Noticed Maggie
  7075 | D:8      | Found a staircase to the Lair.
  7203 | D:8      | Noticed a kobold demonologist
  7223 | D:8      | Noticed a red devil
  7225 | D:8      | Reached XP level 10. HP: 48/86 MP: 12/14
  7254 | D:8      | HP: 4/86 [poisoned by a gnoll sergeant]
  7261 | D:8      | Shot with a bolt by a kobold

Illustrated notes

Levels and vault maps discovered:
D:1:      lordsloth_arrival_two_stooges, layout_basic,
          hellmonk_ecumenical_altar_pennies_from_heaven
D:2:      layout_basic
D:3:      layout_basic, mainiacjoe_overflow_six_doors_small
D:4:      layout_loops_cross, slow_altar_2, cheibrodos_sewer_entry_sluice,
          grunt_decor_clamped, minmay_goblin_kobold_house, uniq_robin
D:5:      layout_cave_pools, riverfiend_overflow_shadow_ancestor,
          minmay_temple_entry_wispy, serial_rivers,
          chequers_serial_rivers_micro_c, chequers_serial_rivers_small_3,
          chequers_serial_rivers_large_a, chequers_serial_rivers_micro_c,
          serial_shops, shop, uniq_crazy_yiuf_cottage, uniq_duvessa, uniq_ijyb
D:6:      layout_basic, serial_glass, glass_columns_a, glass_columns_a,
          glass_columns_b, glass_columns_b, glass_columns_b, glass_columns_c,
          hex_medium
D:7:      gammafunk_cloud_chamber, layout_basic
D:8:      wander_kiku_kobolds, layout_loops_cross, dpeg_oklobed_lair,
          hangedman_decor_peaks_small
D:9:      layout_basic, grunt_nemelex_the_gamble, hiddenorc2_lemuel,
          chequers_big_river, uniq_maggie

Skill      XL: |  1  2  3  4  5  6  7  8  9 |
---------------+----------------------------+-----
Fighting       | 4 5 6 7 |  7.4
Stealth        | 2 3 4 5 |  5.1
Long Blades    | 4 5 6 8 9 |  9.5
Dodging        | 4 5 6 |  6.7
Armour         | 1 2 4 5 |  5.5
Invocations    | 1 2 3 5 6 |  6.8

Action                   |  1- 3 |  4- 6 |  7- 9 | 10-12 || total
-------------------------+-------+-------+-------+-------++-------
Melee: Falchion          |    82 |   114 |     6 |       ||   202
       Headbutt          |    15 |    34 |    47 |       ||    96
       Long sword        |       |       |   171 |    20 ||   191
 Stab: Distracted        |     1 |       |       |       ||     1
       Sleeping          |    11 |     8 |     7 |       ||    26
Armor: Robe              |    13 |    31 |    46 |     2 ||    92
Dodge: Dodged            |    53 |    87 |   182 |     8 ||   330
       Rpst.: Falchion   |    13 |    22 |     1 |       ||    36
       Long sword        |       |       |    39 |     2 ||    41

Table legend: (Time is in decaauts)
 A = Elapsed time spent in this place.
 B = Non-inter-level travel time spent in this place.
 C = Inter-level travel time spent in this place.
 D = Time resting spent in this place.
 E = Time spent auto-exploring this place.
 F = Levels seen in this place.
 G = Mean time per level.
                   A        B        C        D        E       F      G
               +--------+--------+--------+--------+--------+-----+--------+
         Total |   7333 |   7199 |    134 |   1311 |   4752 |  10 |  733.3 |
       Dungeon |   7022 |   6888 |    134 |   1187 |   4613 |   9 |  780.2 |
         Sewer |    310 |    310 |      0 |    124 |    139 |   1 |  310.0 |
               +--------+--------+--------+--------+--------+-----+--------+

Top non-repeatable levels by time:
     D:4: 1573 daAuts
     D:5: 1243 daAuts
     D:2: 908 daAuts
     D:9: 874 daAuts
     D:1: 773 daAuts
     D:3: 649 daAuts
     D:8: 560 daAuts
   Sewer: 310 daAuts
     D:6: 285 daAuts
     D:7: 153 daAuts
